Map: Acid Plant LE

Players

iGiA (iAsonu)

  • Race: Zerg Zerg
  • League: Diamond
  • Spawn Location: 5:00

Scarlett - Winner!

  • Race: Zerg Zerg
  • League: Master
  • Spawn Location: 11:00

Event: WESG 2017 Haikou

VOD

Have the link to the VOD?

Description

Time

  • Played on: March 13, 2018, 4:30 a.m.
  • Length: 8:10

All games in this series

Show
View Real Time Build Order
Export as new Build Order

iGiA Zerg 

Build Orders: Hatch First, Zergling Baneling 

Get SALT Encoding   

  12  0:01  Drone  
  13  0:12  Overlord  
  13  0:17  Drone  
  14  0:31  Drone x2  
  14  0:35  Drone  
  17  0:51  Hatchery  
  17  0:54  Drone  
  17  0:57  Drone  
  18  1:08  Extractor  
  17  1:12  Spawning Pool  
  17  1:15  Drone  
  17  1:19  Drone  
  18  1:28  Drone  
  19  1:39  Overlord  
  19  1:50  Drone  
  20  1:59  Queen  
  20  2:00  Zergling x2  
  23  2:03  Zergling x2, Queen  
  23  2:07  Metabolic Boost  
  26  2:11  Drone  
  26  2:14  Drone  
  28  2:24  Drone  
  28  2:27  Drone  
  30  2:32  Baneling Nest  
  30  2:33  Drone  
  30  2:37  Drone  
  30  2:43  Drone  
  32  2:55  Hatchery  
  32  2:56  Overlord  
  31  2:59  Drone  
  32  3:09  Zergling x2  
  32  3:10  Zergling x6  
  36  3:15  Overlord  
  36  3:16  Zergling x6  
  36  3:18  Drone  
  41  3:23  Drone  
  42  3:29  Overlord  
  42  3:36  Drone  
  42  3:40  Drone  
  45  3:41  Drone x3  
  46  3:50  Zergling x8  
  49  4:00  Drone  
  48  4:04  Zergling x2  
  48  4:05  Baneling Nest  
  48  4:06  Queen  
  48  4:09  Zergling x6  
  53  4:16  Extractor  
  51  4:21  Zergling x14  
  58  4:25  Queen  
  58  4:27  Overlord  
  58  4:28  Drone  
  61  4:32  Evolution Chamber  
  60  4:40  Drone  
  60  4:41  Drone x3  
  64  4:50  Baneling x7  
  64  4:51  Baneling x4  
  63  4:53  Zergling x6  
  63  4:57  Zergling x4  
  63  4:59  Drone  
  69  5:04  Zerg Missile Weapons Level 1  
  70  5:07  Drone x2  
  70  5:11  Overlord  
  70  5:12  Drone  
  70  5:13  Drone  
  73  5:19  Extractor  
  73  5:20  Overlord  
  72  5:23  Overlord  
  71  5:28  Drone  
  71  5:29  Drone  
  71  5:30  Lair  
  71  5:33  Drone x3  
  76  5:38  Drone x3  
  76  5:40  Drone x2  
  81  5:48  Drone  
  81  5:49  Drone x3  
  85  5:58  Overlord  
  85  6:00  Overlord  
  85  6:03  Roach Warren  
  83  6:06  Overlord  
  83  6:07  Drone x4  
  83  6:08  Extractor  
  83  6:10  Overlord  
  83  6:11  Extractor  
  85  6:13  Drone x3  
  88  6:19  Overlord  
  76  6:42  Zergling x18  
  75  6:47  Roach x6  
  75  6:50  Queen x2  
  75  6:52  Roach  
  87  6:57  Roach, Queen  
  87  6:59  Roach  
  88  7:02  Baneling  
  88  7:04  Roach x4  
  88  7:07  Roach  
  82  7:16  Roach x2  
  82  7:21  Roach x3  
  73  7:34  Roach x3  
  68  7:38  Roach  
  70  7:45  Roach  
Show
View Real Time Build Order
Export as new Build Order

Scarlett Zerg - Winner!

Build Orders: Hatch First 

Get SALT Encoding   

  12  0:00  Drone  
  13  0:12  Overlord  
  13  0:16  Drone  
  14  0:30  Drone x2  
  14  0:34  Drone  
  17  0:51  Hatchery  
  17  0:54  Drone  
  17  0:57  Drone  
  18  1:04  Extractor  
  17  1:12  Spawning Pool  
  17  1:16  Drone  
  17  1:19  Drone  
  18  1:28  Drone  
  19  1:38  Drone  
  20  1:49  Drone  
  21  1:57  Evolution Chamber  
  21  1:58  Queen  
  22  2:03  Drone, Queen  
  25  2:09  Overlord  
  25  2:10  Drone  
  25  2:13  Drone  
  27  2:22  Drone  
  28  2:24  Zerg Ground Armor Level 1  
  28  2:28  Drone  
  29  2:34  Queen  
  31  2:38  Zergling x2  
  31  2:41  Overlord  
  32  2:47  Drone  
  32  2:49  Drone  
  34  2:54  Drone  
  35  3:00  Drone  
  35  3:01  Metabolic Boost  
  35  3:04  Drone  
  37  3:08  Drone x3  
  37  3:09  Drone  
  37  3:10  Drone  
  42  3:14  Overlord  
  42  3:23  Overlord  
  42  3:24  Drone  
  42  3:25  Zergling x2  
  44  3:35  Zergling x4  
  44  3:40  Zergling x2  
  47  3:44  Zergling x14  
  50  3:56  Zergling x4  
  54  4:03  Queen  
  54  4:04  Overlord  
  54  4:09  Lair  
  54  4:16  Roach Warren  
  52  4:18  Extractor x2, Drone x4  
  52  4:19  Zerg Missile Weapons Level 1  
  52  4:20  Drone  
  55  4:35  Overlord  
  55  4:44  Drone x4  
  59  4:49  Zergling x8  
  63  4:56  Evolution Chamber  
  63  4:58  Roach  
  64  5:00  Evolution Chamber  
  64  5:01  Roach  
  64  5:04  Evolution Chamber  
  64  5:09  Roach  
  64  5:10  Roach, Glial Reconstitution  
  68  5:15  Roach x3  
  68  5:18  Roach, Overlord  
  76  5:22  Evolution Chamber  
  76  5:27  Overlord x2  
  75  5:30  Overlord  
  77  5:35  Evolution Chamber  
  77  5:37  Roach  
  77  5:40  Roach x2  
  83  5:43  Drone  
  83  5:45  Overlord  
  83  5:49  Overlord  
  83  5:57  Hatchery  
  83  5:59  Overseer  
  83  6:03  Drone x2  
  83  6:06  Roach x2  
  87  6:12  Roach x2  
  91  6:19  Zergling x6  
  94  6:26  Zergling x2  
  94  6:31  Drone x5  
  94  6:46  Ravager  
  87  6:47  Roach x5  
  95  6:58  Roach x3  
  95  6:59  Roach x2  
  105  7:05  Roach  
  103  7:10  Roach  
  103  7:11  Roach  
  103  7:13  Roach x3  
  112  7:16  Roach  
  112  7:20  Roach  
  111  7:23  Ravager  
  111  7:25  Roach  
  111  7:27  Roach x2  
  116  7:31  Roach x3  
  116  7:33  Drone  
  110  7:40  Drone  
  102  7:48  Drone x4  
  104  7:52  Hatchery  
  109  8:08  Extractor  
Tags
 
Add a new tag
Caveats
  • Supply blocks, unpowered buildings, or Contaminate may cause inaccurate times.
  • Supply counts are checked every 10 seconds.